 Dungeon Crawl Stone Soup version 0.25.1-2-g60ff931df9 (webtiles) character file.

Game seed: 14096013333145605154

4464 Elvor the Basher (level 10, -1/60 HPs)
             Began as a Gargoyle Fighter on Sept 18, 2020.
             Was a Priest of Okawaru.
             Killed by divine providence
             ... invoked by an orc priest
              (9 damage)
             ... on level 9 of the Dungeon.
             The game lasted 01:08:26 (7656 turns).

Elvor the Basher (Gargoyle Fighter)                 Turns: 7656, Time: 01:08:27

Health: -1/60      AC: 33    Str: 23    XL:     10   Next: 37%
Magic:  10/10      EV: 10    Int:  9    God:    Okawaru [***...]
Gold:   439        SH: 11    Dex: 15    Spells: 9/9 levels left

rFire    . . .     SeeInvis .   J - +1 flail (protect)
rCold    . . .     Gourm    .   c - +0 kite shield
rNeg     + . .     Faith    .   i - +0 plate armour
rPois    ∞         Spirit   .   M - +0 helmet
rElec    +         Reflect  .   H - +0 cloak
rCorr    .         Harm     .   b - +1 pair of gloves
MR       .....                  B - +0 pair of boots
Stlth    ..........             (no amulet)
HPRegen  0.20/turn              g - +6 ring of dexterity
MPRegen  0.12/turn              k - +4 ring of evasion

@: protection aura
A: negative energy resistance 1, electricity resistance, unbreathing,
petrification resistance, rot immunity, AC +7
a: Heroism, Renounce Religion


You were on level 9 of the Dungeon.
You worshipped Okawaru.
Okawaru was most pleased with you.
You were not hungry.

You visited 2 branches of the dungeon, and saw 10 of its levels.
You also visited: Sewer.

You collected 439 gold pieces.

Inventory:

Hand Weapons
 J - a +1 flail of protection (weapon)
 O - the +1 war axe of Evisceration {freeze, MR+ Int+4}
   (You found it on level 8 of the Dungeon)

   It has been specially enchanted to freeze those struck by it, causing extra
   injury to most foes and up to half again as much damage against particularly
   susceptible opponents.
   It can also slow down cold-blooded creatures.
   It affects your intelligence (+4).
   It affects your resistance to hostile enchantments.
Missiles
 v - 4 boomerangs
 x - 39 poisoned darts (quivered)
Armour
 b - a +1 pair of gloves (worn)
 c - a +0 kite shield (worn)
 i - a +0 plate armour (worn)
 y - a scarf of invisibility
 B - a +0 pair of boots (worn)
 H - a +0 cloak (worn)
 M - a +0 helmet (worn)
Jewellery
 a - an uncursed ring of resist corrosion
 g - a +6 ring of dexterity (left hand)
 k - a +4 ring of evasion (right hand)
 I - an uncursed ring of stealth
Wands
 e - a wand of polymorph (8)
 F - a wand of flame (17)
Scrolls
 h - 4 scrolls of enchant weapon
 n - 5 scrolls of teleportation
 p - 3 scrolls of blinking
 r - a scroll of magic mapping
 u - 5 scrolls of remove curse
 z - a scroll of noise {unknown}
 A - 2 scrolls of enchant armour
 E - a scroll of random uselessness {unknown}
 G - a scroll of immolation {unknown}
 K - a scroll of acquirement {unknown}
 L - a scroll of amnesia {unknown}
 N - a scroll of silence {unknown}
 Q - a scroll of identify
Potions
 d - 3 potions of might
 j - 3 potions of cancellation
 l - 6 potions of haste
 m - 4 potions of stabbing
 o - 2 potions of ambrosia {unknown}
 q - 4 potions of brilliance
 s - a potion of degeneration {unknown}
 t - 11 potions of curing
 w - 6 potions of heal wounds
 C - a potion of invisibility {unknown}
 D - 2 potions of mutation {unknown}
Comestibles
 f - 20 rations
 P - 5 chunks of flesh


   Skills:
 + Level 5.9 Fighting
 * Level 10.7 Maces & Flails
 + Level 3.9 Throwing
 + Level 6.5 Armour
 + Level 1.7 Dodging
 - Level 0.3 Stealth
 + Level 7.2 Shields


You had 9 spell levels left.
You didn't know any spells.
Your spell library was empty.

Dungeon Overview and Level Annotations

Branches:
Dungeon (9/15)             Temple (1/1) D:6            Lair (0/6) D:9
  Sewer (visited)
    Orc: D:9-12

Altars:
Ashenzari
Cheibriados
Dithmenos
Fedhas
Gozag
Hepliaklqana
Makhleb
Okawaru
Qazlal
Ru
Sif Muna
Trog
Uskayaw
Vehumet
Xom
Yredelemnul
Zin
The Shining One

Shops:
D:4 }   D:6 (


Innate Abilities, Weirdness & Mutations

You are resistant to torment.
Your stone body is resilient. (AC +7)
You are immune to poison.
You resist negative energy. (rN+)
You are resistant to electric shocks. (rElec)
You can survive without breathing.
You are immune to petrification.
You are immune to rotting.


Message History

The worker ant bites you but does no damage.
You closely miss the worker ant.
The worker ant bites you but does no damage.
You sock the worker ant!
Your weapon exudes an aura of protection.
You kill the worker ant!
Okawaru accepts your kill. You block the orc priest's attack.
You closely miss the orc priest. You hit the orc priest.
The orc priest is lightly wounded.
The orc priest mumbles some strange prayers to Beogh against you.
Beogh smites you!
* * * LOW HITPOINT WARNING * * *
You completely miss the orc priest.
The orc priest is lightly wounded.
The orc hits you but does no damage.
The orc priest invokes the aid of Beogh against you.
Beogh smites you!
You die...

..≈≈≈≈≈≈≈≈≈(.≈≈≈≈≈≈...#
...≈≈≈≈≈≈≈≈(≈≈≈≈≈≈....#
.....≈≈..≈≈≈≈≈≈..≈....#
....≈.......≈.≈..≈.≈..#
...........≈..).......#
###############.######
#.# #o#########
#o@........ ##########.


You could see an orc priest and an orc.

Vanquished Creatures
  A two-headed ogre (D:9)
  The ghost of doomsgape the Quickloader, a novice KoHu of Okawaru (D:6)
  A troll (D:9)
  A hungry ghost (D:9)
  2 orc warriors (D:8)
  A phantom (D:6)
  6 ogres
  2 wolves (D:9)
  5 centaurs
  2 big kobolds (Sewer)
  4 bullfrogs
  3 scorpions
  3 electric eels (D:9)
  Crazy Yiuf (D:5)
  4 orc priests
  4 hounds (D:9)
  2 jellies
  A bullfrog skeleton (D:4)
  An iguana (D:6)
  8 worker ants
  4 orc wizards
  A howler monkey zombie (D:9)
  10 adders
  6 gnolls
  A howler monkey skeleton (D:6)
  5 river rats (Sewer)
  An ooze (D:3)
  2 worms
  4 leopard geckos
  20 orcs
  8 bats
  4 giant cockroaches
  8 goblins
  6 hobgoblins
  12 jackals
  4 quokkas
  4 ball pythons (Sewer)
  6 frilled lizards
  2 gnoll zombies (D:2)
  2 jackal skeletons
  20 kobolds
  2 quokka skeletons
  A quokka zombie (D:5)
  25 rats
211 creatures vanquished.

Vanquished Creatures (others)
  A quokka skeleton (D:5)
1 creature vanquished.

Grand Total: 212 creatures vanquished

Notes
Turn   | Place    | Note
-------+----------+-------------------------------------------
     0 | D:1      | Elvor the Gargoyle Fighter began the quest for the Orb.
     0 | D:1      | Reached XP level 1. HP: 14/14 MP: 1/1
   269 | D:1      | You fall into a shaft and drop 1 floor!
   387 | D:1      | Reached XP level 2. HP: 19/19 MP: 2/2
   880 | D:2      | Found a hazy altar of Hepliaklqana.
   916 | D:2      | Reached XP level 3. HP: 21/23 MP: 3/3
  1455 | D:2      | Found a basalt altar of Yredelemnul.
  1822 | D:3      | Found a bloodstained altar of Trog.
  1869 | D:3      | Found a shattered altar of Ashenzari.
  1892 | D:3      | Reached skill level 3 in Maces & Flails
  1892 | D:3      | Reached XP level 4. HP: 28/29 MP: 4/4
  2174 | D:3      | Found a glowing drain.
  2194 | Sewer    | Entered a sewer
  2232 | Sewer    | Noticed a big kobold
  2265 | Sewer    | Killed a big kobold
  2265 | Sewer    | Reached skill level 4 in Maces & Flails
  2265 | Sewer    | Reached XP level 5. HP: 33/33 MP: 5/5
  2391 | Sewer    | Noticed a big kobold
  2408 | Sewer    | Killed a big kobold
  2408 | Sewer    | Reached skill level 5 in Maces & Flails
  2408 | Sewer    | Reached XP level 6. HP: 38/38 MP: 6/6
  3176 | D:4      | Reached XP level 7. HP: 43/43 MP: 7/7
  3353 | D:4      | Reached skill level 5 in Shields
  3451 | D:4      | Found Bimakke's Gadget Shoppe.
  3559 | D:5      | Entered Level 5 of the Dungeon
  3593 | D:5      | Reached skill level 6 in Maces & Flails
  3774 | D:5      | Found a runed translucent door.
  3775 | D:5      | Noticed Crazy Yiuf
  3793 | D:5      | Killed Crazy Yiuf
  4155 | D:5      | Found a radiant altar of Vehumet.
  4359 | D:6      | Reached skill level 7 in Maces & Flails
  4359 | D:6      | Reached XP level 8. HP: 13/48 MP: 8/8
  4501 | D:6      | Found a runed translucent door.
  4502 | D:6      | Noticed doomsgape's ghost (novice KoHu)
  4966 | D:6      | Found a runed translucent door.
  5023 | D:6      | Found a staircase to the Ecumenical Temple.
  5033 | Temple   | Entered the Ecumenical Temple
  5047 | Temple   | Became a worshipper of Warmaster Okawaru
  5441 | D:6      | Reached skill level 5 in Armour
  5532 | D:6      | Found a shadowy altar of Dithmenos.
  5559 | D:6      | Reached skill level 1 in Throwing
  5584 | D:6      | Found Tujih's Antique Weapon Shoppe.
  5684 | D:6      | Killed doomsgape's ghost
  5684 | D:6      | Reached * piety under Okawaru
  5684 | D:6      | Reached skill level 5 in Fighting
  5684 | D:6      | Reached skill level 8 in Maces & Flails
  5684 | D:6      | Reached XP level 9. HP: 54/54 MP: 9/9
  5691 | D:6      | Reached skill level 9 in Maces & Flails
  6276 | D:7      | Found a glowing silver altar of Zin.
  6353 | D:7      | Found a glowing golden altar of the Shining One.
  6454 | D:8      | Reached skill level 1 in Dodging
  6582 | D:8      | Reached ** piety under Okawaru
  6702 | D:8      | Got a shimmering war axe
  6703 | D:8      | Identified the +1 war axe of Evisceration {freeze, MR+
                  | Int+4} (You found it on level 8 of the Dungeon)
  7323 | D:9      | Noticed a troll
  7340 | D:9      | Killed a troll
  7340 | D:9      | Reached skill level 10 in Maces & Flails
  7360 | D:9      | Reached XP level 10. HP: 52/60 MP: 10/10
  7489 | D:9      | Found a staircase to the Lair.
  7565 | D:9      | Noticed a two-headed ogre
  7600 | D:9      | Killed a two-headed ogre
  7600 | D:9      | Reached *** piety under Okawaru
  7656 | D:9      | Killed from afar by an orc priest

Illustrated notes

Levels and vault maps discovered:
D:1:      sevenhm_arrival_forest_fort_large_4, layout_basic
D:2:      layout_loops_corners, lemuel_zombie_altar_yredelemnul,
          lemuel_doored_altar
D:3:      layout_basic, bloody_trog, evilmike_ruin_ashenzari,
          portal_sewer_entry_d, kennysheep_decorative_pillar,
          hangedman_decor_push
D:4:      layout_rooms, serial_shops, nicolae_shop_behind_doors,
          hangedman_decor_peaks_small
D:5:      layout_loops_ring, fiery_altar_vehumet, first_ration,
          uniq_crazy_yiuf_cottage
D:6:      layout_loops_cross, grunt_dithmenos_smoke_and_mirrors,
          minmay_temple_entry_ruins, ebering_ghost_sewer_f, serial_rivers,
          chequers_serial_rivers_micro_e, chequers_serial_rivers_small_3,
          chequers_serial_rivers_micro_c, chequers_serial_rivers_micro_b,
          serial_shops, kennysheep_mini
D:7:      layout_rooms, tso_altar, basic_altar
D:8:      layout_basic
D:9:      layout_basic, nicolae_overflow_crystal_walls, kennysheep_little_box,
          marbit_many_paths, old_standard_altar, erik_lair_island,
          grunt_livestock
Temple:   jpeg_temple_clearing

Skill      XL: |  1  2  3  4  5  6  7  8  9 10 |
---------------+-------------------------------+-----
Maces & Flails | 3 4 5 7 8 10 | 10.7
Shields        | 4 5 6 7 |  7.2
Fighting       | 4 5 |  5.9
Armour         | 4 5 6 |  6.5
Throwing       | 1 2 3 |  3.9
Dodging        | 1 |  1.7
Stealth        | |  0.3

Action                   |  1- 3 |  4- 6 |  7- 9 | 10-12 || total
-------------------------+-------+-------+-------+-------++-------
Melee: Flail             |   161 |   248 |   434 |    73 ||   916
Throw: Dart              |       |     6 |    51 |    18 ||    75
       Boomerang         |       |       |       |    19 ||    19
Invok: Heroism           |       |       |     1 |     1 ||     2
  Use: Scroll            |       |       |    11 |       ||    11
       Potion            |       |       |     2 |       ||     2
  Eat: Chunk             |     3 |     5 |     7 |     5 ||    20
       Ration            |       |       |     2 |       ||     2
Armor: Plate armour      |    98 |   195 |   233 |    52 ||   578
       Scale mail        |     6 |       |       |       ||     6
Dodge: Dodged            |    23 |   115 |   121 |    24 ||   283
Block: Kite shield       |    87 |   188 |   251 |    38 ||   564
